 Dungeon Crawl Stone Soup version 0.24-a0-762-gca426f56c8 (webtiles) character file.

Game seed: 12371794379406208231, levelgen mode: deterministic

39 Kohma the Grave Robber (level 3, 0/28 HPs)
             Began as a Hill Orc Necromancer on Oct 3, 2019.
             Slain by a goblin (2 damage)
             ... led by Robin
             ... on level 2 of the Dungeon.
             The game lasted 00:04:52 (1239 turns).

Kohma the Grave Robber (Hill Orc Necromancer)       Turns: 1239, Time: 00:04:52

Health: 0/28       AC:  5    Str: 10    XL:     3   Next: 47%
Magic:  1/6        EV: 11    Int: 16    God:
Gold:   45         SH:  0    Dex: 11    Spells: 1/6 levels left

rFire    . . .     SeeInvis .   o - +0 spear
rCold    . . .     Gourm    .   (no shield)
rNeg     . . .     Faith    .   h - +0 leather armour
rPois    .         Spirit   .   (no helmet)
rElec    .         Reflect  .   (no cloak)
rCorr    .         Harm     .   n - +1 pair of gloves
MR       .....                  (no boots)
Stlth    +.........             (no amulet)
HPRegen  0.09/turn              (no ring)
MPRegen  0.10/turn              (no ring)

@: lethally poisoned (0 -> -8)
A: no striking features
a: no special abilities


You were on level 2 of the Dungeon.
You were not hungry.

You visited 1 branch of the dungeon, and saw 2 of its levels.

You collected 45 gold pieces.

Inventory:

Hand Weapons
 e - a +0 whip
 l - a +0 hunting sling
 o - a +0 spear (weapon)
Missiles
 d - 81 stones (quivered)
Armour
 a - a +0 robe
 h - a +0 leather armour (worn)
 n - a +1 pair of gloves (worn)
Scrolls
 b - a scroll of remove curse {unknown}
 i - a scroll of identify {unknown}
 j - 3 scrolls of teleportation {unknown}
 m - a scroll of amnesia {unknown}
 p - a scroll of magic mapping {unknown}
 r - a scroll of noise {unknown}
Potions
 f - a potion of degeneration {unknown}
 g - 2 potions of might {unknown}
 k - a potion of brilliance {unknown}
Comestibles
 c - 3 rations
 q - 9 chunks of flesh


   Skills:
 + Level 1.3 Fighting
 - Level 1.5 Dodging
 - Level 1.5 Stealth
 + Level 2.0 Spellcasting
 * Level 0.5 Charms
 * Level 4.5 Necromancy


You had one spell level left.
You knew the following spells:

 Your Spells              Type           Power        Failure   Level  Hunger
a - Pain                  Necr           ###.         4%          1    #......
b - Animate Skeleton      Necr           N/A          4%          1    #......
c - Regeneration          Chrm/Necr      #.........   30%         3    ###....

Your spell library contained the following spells:

 Spells                   Type           Power        Failure   Level  Hunger
 Vampiric Draining        Necr           ###.......   13%         3    ###....
 Animate Dead             Necr           N/A          41%         4    #####..


Dungeon Overview and Level Annotations

Branches:
Dungeon (2/15)

Altars:

Annotations:
D:2 Robin


Message History

You feel sick. The goblin barely misses you.
Casting: Pain (safe; 4% risk of failure)
Confirm with . or Enter, or press ? or * to list all spells.
Aiming: Pain (safe; 4% risk of failure)
Press: ? - help, Shift-Dir - straight line, f - goblin
Aim: a goblin (heavily wounded, unusually strong, chance to defeat MR: 87%)
The goblin writhes in agony.
You kill the goblin!
Your Spellcasting skill increases to level 2!
* * * LOW HITPOINT WARNING * * *
You feel sick.
Robin laughs in a distinctly smug fashion.
* * * LOW HITPOINT WARNING * * *
You feel sick.
* * * LOW HITPOINT WARNING * * *
You feel sick. Robin throws the goblin at you! The goblin closely misses you.
You closely miss the goblin.
* * * LOW HITPOINT WARNING * * *
You feel sick. The goblin hits you.
You die...

##g## ##).)## ###########.###.##
#.......##.## ##)#######
#.#####.##.# #........ #.#
#.>..## ##)#####.. #.#
#####.###g## #.# ##...##
##.###### ##@## #.......# #g#
#...###.# #># #.#.# #.# ##'##
###.#.# #.# ##...## #
......###.# ##.....## ### .#
.##.......###.......######.##.##
.###....####.........#.........#
.# #.....).'.........'......#


You could see Robin and a goblin.

Vanquished Creatures
  2 dart slugs (D:2)
  2 leopard geckos (D:2)
  A giant cockroach (D:1)
  13 goblins
  4 hobgoblins
  2 bats
  4 frilled lizards
  2 kobolds
30 creatures vanquished.

Notes
Turn   | Place    | Note
-------+----------+-------------------------------------------
     0 | D:1      | Kohma the Hill Orc Necromancer began the quest for the Orb.
     0 | D:1      | Reached XP level 1. HP: 14/14 MP: 3/3
   362 | D:1      | Reached XP level 2. HP: 22/22 MP: 2/4
   365 | D:1      | Learned a level 1 spell: Animate Skeleton
   864 | D:2      | Reached skill level 1 in Fighting
  1035 | D:2      | Reached XP level 3. HP: 24/28 MP: 1/5
  1040 | D:2      | Learned a level 3 spell: Regeneration
  1108 | D:2      | Noticed Robin
  1239 | D:2      | Slain by a goblin

Levels and vault maps discovered:
D:1:      grunt_arrival_lava_bath, layout_loops_ring
D:2:      layout_loops_corners, first_ration, uniq_robin

Skill      XL: |  1  2  3 |
---------------+----------+-----
Fighting       | 1 |  1.3
Spellcasting   | 2 |  2.0
Dodging        | |  1.5
Stealth        | |  1.5
Charms         | |  0.5
Necromancy     | |  4.5

Action                   || total
-------------------------++-------
Melee: Spear             ||     9
 Fire: Hunting sling     ||    34
 Cast: Pain              ||    31
       Animate Skeleton  ||     7
  Eat: Chunk             ||     2
Armor: Leather armour    ||    14
Dodge: Dodged            ||    15

Table legend:
 A = Non-vault XP
 B = Vault XP
 C = Vault XP percentage of total XP
 D = Non-vault monster count
 E = Vault monster count
 F = Vault count percentage of total count
                 A         B        C        D         E       F
            +---------+---------+-------+---------+---------+-------
      Total |      40 |      17 |  29.8 |      20 |      10 |  33.3
            +---------+---------+-------+---------+---------+-------
        D:1 |      15 |       0 |   0.0 |      10 |       0 |   0.0
        D:2 |      25 |      17 |  40.5 |      10 |      10 |  50.0
            +---------+---------+-------+---------+---------+-------
